 Dungeon Crawl Stone Soup version 0.30-a0-800-g7c544603b3 (webtiles) character file.

Game seed: 5950174750512152266

817 mandoloar the Digger (level 7, -1/42 HPs)
             Began as a Gargoyle Earth Elementalist on Feb 22, 2023.
             Killed from afar by Maggie (18 damage)
             ... with a bolt of fire
             ... on level 6 of the Dungeon.
             The game lasted 00:13:32 (5056 turns).

mandoloar the Digger (Gargoyle Earth Elementalist)  Turns: 5056, Time: 00:13:33

Health: -1/42      AC:  9    Str: 11    XL:     7   Next: 94%
Magic:  5/13       EV: 11    Int: 18    God:
Gold:   114        SH:  0    Dex: 10    Spells: 10/14 levels left

rFire   . . .      SeeInvis .    a - +0 flail
rCold   . . .      Faith    .    (no shield)
rNeg    + . .      Spirit   .    g - +0 robe
rPois   ∞          Reflect  .    e - +0 helmet
rElec   +          Harm     .    (no cloak)
rCorr   .          Rampage  .    (no gloves)
Will    .....                    h - +0 pair of boots
Stlth   ++                       (no amulet)
HPRegen 0.27/turn                q - ring of flight
MPRegen 0.13/turn                (no ring)

@: flying, mesmerised, very slightly contaminated
A: sickness immunity, AC +4, negative energy resistance 1, electricity
resistance, torment resistance 1, petrification resistance
a: no special abilities


You were on level 6 of the Dungeon.
You visited 1 branch of the dungeon, and saw 6 of its levels.

You collected 114 gold pieces.

Inventory:

Hand Weapons
 a - a +0 flail (weapon)
Armour
 e - a +0 helmet (worn)
 g - a +0 robe (worn)
 h - a +0 pair of boots (worn)
Jewellery
 q - a ring of flight (left hand)
Scrolls
 d - a scroll of teleportation
 f - a scroll of silence {unknown}
 i - a scroll of blinking
 k - a scroll of immolation {unknown}
 p - 2 scrolls of fog {unknown}
Potions
 c - a potion of berserk rage {unknown}
 j - 3 potions of brilliance
 l - 2 potions of heal wounds {unknown}
 m - a potion of curing {unknown}
 n - a potion of haste {unknown}
 o - a potion of cancellation {unknown}
 r - a potion of flight {unknown}


   Skills:
 + Level 3.8 Fighting
 + Level 2.2 Armour
 - Level 1.5 Dodging
 + Level 3.3 Stealth
 + Level 4.2 Spellcasting
 + Level 3.7 Conjurations
 - Level 0.7 Transmutations
 + Level 6.3 Earth Magic


You had 10 spell levels left.
You knew the following spells:

 Your Spells              Type           Power      Damage    Failure   Level
a - Sandblast             Erth           52%        2d12      1%          1
b - Stone Arrow           Conj/Erth      42%        3d9       5%          3

Your spell library contained the following spells:

 Spells                   Type           Power      Damage    Failure   Level
 Passwall                 Tmut/Erth      13%        N/A       5%          2
 Petrify                  Tmut/Erth      16%        N/A       34%         4
 Gell's Gravitas          Tloc           3%         N/A       41%         3
 Teleport Other           Tloc           3%         N/A       41%         3
 Animate Dead             Necr           3%         N/A       82%         4
 Dispersal                Tloc           1%         N/A       100%        6
 Haunt                    Necr/Summ      1%         N/A       100%        7
 Infestation              Necr           1%         N/A       100%        8


Dungeon Overview and Level Annotations

Branches:
Dungeon (7/15)
 Temple: D:4-7

Altars:
Qazlal
Zin

Annotations:
D:6 Maggie


Innate Abilities, Weirdness & Mutations

You are immune to sickness and miasma.
Your stone body is resilient. (AC +4)
You are immune to poison.
You resist negative energy. (rN+)
You are resistant to electric shocks. (rElec)
You are resistant to unholy torment.
You are immune to petrification.


Message History

Press: ? - help, Shift-Dir - straight line, f/p - Maggie
Aim: Maggie, wielding a +1 heavy glaive and wearing +0 steam dragon scales (heavily wounded, mesmerising, 83% to hit)
The blast of sand hits Maggie but does no damage.
Maggie is heavily wounded.
Maggie closely misses you.
Casting: Sandblast (safe; 1% risk of failure)
Confirm with . or Enter, or press ? or * to list all spells.
Aiming: Sandblast (safe; 1% risk of failure)
Press: ? - help, Shift-Dir - straight line, f/p - Maggie
Aim: Maggie, wielding a +1 heavy glaive and wearing +0 steam dragon scales (heavily wounded, mesmerising, 83% to hit)
The blast of sand hits Maggie!
Maggie is heavily wounded.
Maggie closely misses you.
Casting: Sandblast (safe; 1% risk of failure)
Confirm with . or Enter, or press ? or * to list all spells.
Aiming: Sandblast (safe; 1% risk of failure)
Press: ? - help, Shift-Dir - straight line, f/p - Maggie
Aim: Maggie, wielding a +1 heavy glaive and wearing +0 steam dragon scales (heavily wounded, mesmerising, 83% to hit)
The blast of sand hits Maggie.
Maggie is severely wounded.
Maggie gestures at you while chanting. The bolt of fire hits you!
Casting: Sandblast (safe; 1% risk of failure)
Confirm with . or Enter, or press ? or * to list all spells.
Aiming: Sandblast (safe; 1% risk of failure)
Press: ? - help, Shift-Dir - straight line, f/p - Maggie
Aim: Maggie, wielding a +1 heavy glaive and wearing +0 steam dragon scales (severely wounded, mesmerising, 83% to hit)
You miscast Sandblast.
You are very lightly contaminated with residual magic.
Nothing appears to happen.
Maggie closely misses you.
Casting: Sandblast (safe; 1% risk of failure)
Confirm with . or Enter, or press ? or * to list all spells.
Aiming: Sandblast (safe; 1% risk of failure)
Press: ? - help, Shift-Dir - straight line, f/p - Maggie
Aim: Maggie, wielding a +1 heavy glaive and wearing +0 steam dragon scales (severely wounded, mesmerising, 83% to hit)
The blast of sand hits Maggie.
Maggie is severely wounded.
Maggie gestures at you while chanting. The bolt of fire hits you!!
You die...

.# ..#. #.
..........
#.#..#..#
##.#..#..#
........
##.###.....# #
.......@...#.#
#.......#
##@....##
##....# ###.##
.# #


You could see Maggie (mesmerising).

Vanquished Creatures
  A steam dragon (D:7)
  An ice beast (D:7)
  A centaur (D:7)
  A phantom (D:7)
  2 scorpions
  A gnoll sergeant (D:7)
  A hound (D:2)
  An orc priest (D:3)
  A jelly (D:4)
  An orc wizard (D:3)
  3 gnolls (D:7)
  3 adders (D:3)
  A white imp (D:7)
  6 worms
  A dart slug (D:2)
  3 orcs (D:3)
  5 bats
  7 endoplasms
  3 giant cockroaches
  13 goblins
  11 hobgoblins
  3 quokkas
  4 ball pythons
  5 frilled lizards
  4 kobolds
  6 rats
89 creatures vanquished.

Notes
Turn   | Place    | Note
-------+----------+-------------------------------------------
     0 | D:1      | mandoloar the Gargoyle Earth Elementalist began the quest
                  | for the Orb.
     0 | D:1      | Reached XP level 1. HP: 10/10 MP: 3/3
   781 | D:1      | Reached XP level 2. HP: 15/15 MP: 0/5
   847 | D:1      | Reached skill level 4 in Earth Magic
  1314 | D:1      | Reached XP level 3. HP: 20/20 MP: 3/6
  1598 | D:1      | Learned a level 3 spell: Stone Arrow
  1853 | D:2      | Reached skill level 1 in Fighting
  1932 | D:2      | Reached skill level 1 in Conjurations
  1932 | D:2      | Reached XP level 4. HP: 18/25 MP: 1/8
  2729 | D:3      | Reached skill level 5 in Earth Magic
  2729 | D:3      | Reached XP level 5. HP: 22/30 MP: 5/9
  2810 | D:3      | Found a faded altar of an unknown god.
  2822 | D:3      | Found a stormy altar of Qazlal.
  3248 | D:3      | Found a faded altar of an unknown god.
  3509 | D:3      | Reached XP level 6. HP: 34/36 MP: 6/11
  3954 | D:4      | Found a glowing silver altar of Zin.
  4135 | D:4      | You are sucked into a shaft and drop 3 floors!
  4249 | D:7      | Noticed a steam dragon
  4263 | D:7      | Killed a steam dragon
  4264 | D:7      | Reached skill level 1 in Armour
  4264 | D:7      | Reached XP level 7. HP: 15/41 MP: 7/12
  4476 | D:7      | Reached skill level 6 in Earth Magic
  4631 | D:6      | Noticed Maggie
  4675 | D:7      | HP: 1/42 [gnoll/+0 flail[a gnoll sergeant] (5)]
  5056 | D:6      | Killed from afar by Maggie

Illustrated notes

Levels and vault maps discovered:
D:1:      eino_arrival_water_star, layout_basic, reono_crystal_passage,
          minmay_tetromino_i4
D:2:      layout_loops_ring
D:3:      layout_basic, nicolae_overflow_ecumenical_swirl,
          shapermc_ecumenical_altar_pompeii, grunt_ministairs_8, dk_vineyard_3
D:4:      layout_cave_pools, mainiacjoe_overflow_brackets,
          lemuel_coloured_pillars_altar, minmay_temple_entry_slanted,
          ebering_ghost_rock_garden, grunt_ministairs_5,
          pf_guarded_unrand_woodcutter
D:6:      cheibrodos_quashed, layout_loops_cross, mainiacjoe_overflow_alcove_4,
          uniq_maggie, uniq_sigmund, uniq_duvessa, uniq_crazy_yiuf_cottage
D:7:      minmay_inner_zag, layout_basic, amcnicky_altar_gilded

Skill      XL: |  1  2  3  4  5  6  7 |
---------------+----------------------+-----
Earth Magic    | 4 5 6 |  6.3
Fighting       | 1 2 3 |  3.8
Conjurations   | 1 2 3 |  3.7
Spellcasting   | 3 4 |  4.2
Armour         | 1 2 |  2.2
Stealth        | 3 |  3.3
Dodging        | |  1.5
Transmutations | |  0.7

Action                     |  1- 3 |  4- 6 |  7- 9 || total
---------------------------+-------+-------+-------++-------
  Melee: Unarmed           |     6 |       |       ||     6
         Punch             |     1 |       |       ||     1
   Cast: Sandblast         |    50 |    88 |    39 ||   177
    Use: Scroll            |     6 |       |       ||     6
         Potion            |       |       |     1 ||     1
 Armour: Robe              |    17 |     6 |    11 ||    34
  Dodge: Dodged            |    18 |    17 |    16 ||    51

Table legend: (Time is in decaauts)
 A = Elapsed time spent in this place.
 B = Non-inter-level travel time spent in this place.
 C = Inter-level travel time spent in this place.
 D = Time resting spent in this place.
 E = Time spent auto-exploring this place.
 F = Levels seen in this place.
 G = Mean time per level.
                   A        B        C        D        E       F      G
               +--------+--------+--------+--------+--------+-----+--------+
         Total |   5151 |   4855 |    296 |   2162 |   1938 |   6 |  858.5 |
       Dungeon |   5151 |   4855 |    296 |   2162 |   1938 |   6 |  858.5 |
               +--------+--------+--------+--------+--------+-----+--------+

Top non-repeatable levels by time:
     D:1: 1577 daAuts
     D:3: 1294 daAuts
     D:2: 1034 daAuts
     D:7: 929 daAuts
     D:4: 297 daAuts
     D:6: 17 daAuts
